AoeStats
← Malay All Day

Arabia

509431123Analyzed
1v1 RM · 5d ago on Sep 26, 2026· 98m 32s· 2 players
Game mode
Random Map
Map size
Tiny (2 player)
Population
200
Speed
Normal
Resources
Standard
Victory
Conquest
Starting age
Dark Age
Ending age
Imperial Age
RankedLock teamsTeams togetherTeam positionsShared explorationLock speedFull tech treeHidden civsTurbo modeCheats
Victory
Defeat
🇨🇦 Maya · Canada
1097
+15
🇩🇰 Varangians · Denmark
1084
-15
Rawrbek?
8:13 Loom
10:58 Feudal Age
11:41 Double-Bit Axe
11:39 Horse Collar
20:24 Castle Age
18:55 Scale Barding Armor
19:14 Bloodlines
20:59 Forging
22:19 Heavy Plow
27:12 Husbandry
28:51 Wheelbarrow
29:09 Gold Mining
30:30 Stone Mining
30:58 Hand Cart
32:23 Chain Barding Armor
35:23 Iron Casting
38:06 Town Watch
41:59 Imperial Age
41:08 Light Cavalry
42:04 Cavalier
46:33 Hussar
47:58 Iron Casting
47:58 Plate Barding Armor
46:54 Elite Skirmisher
51:13 Fletching
51:25 Padded Archer Armor
52:35 Bow Saw
56:14 Ballistics
56:59 Chemistry
55:59 Bodkin Arrow
56:20 Leather Archer Armor
57:05 Blast Furnace
57:12 Bracer
58:57 Conscription
59:52 Man-at-Arms
61:42 Long Swordsman
63:05 Two-Handed Swordsman
66:14 Squires
72:20 Arson
72:21 Gambesons
75:08 Scale Mail Armor
75:38 Ring Archer Armor
Malay All Day
0:31 Loom
10:06 Feudal Age
10:40 Double-Bit Axe
10:37 Horse Collar
11:51 Town Watch
17:58 Wheelbarrow
21:54 Castle Age
20:52 Forging
20:42 Scale Mail Armor
21:30 Gold Mining
23:02 Bow Saw
23:43 Iron Casting
23:23 Chain Mail Armor
22:31 Pikeman
23:11 Squires
27:13 Hand Cart
27:05 Heavy Plow
27:25 Stone Mining
28:25 Eagle Warrior
28:50 Arson
38:47 Imperial Age
36:33 Fletching
37:26 Bodkin Arrow
40:41 Hoardings
42:09 Conscription
43:30 Blast Furnace
43:44 Plate Mail Armor
43:32 Halberdier
45:19 Elite Eagle Warrior
54:36 Hand Cart
54:28 Bracer
56:48 Two-Man Saw
57:28 Padded Archer Armor
60:55 Holcans
61:57 Masonry
61:42 Murder Holes
62:09 Ballistics
62:49 Chemistry
61:32 Treadmill Crane
63:29 Architecture
67:10 Padded Archer Armor
67:32 Hul'che Javelineers
68:31 Guilds
69:12 Thumb Ring
68:28 Elite Skirmisher
69:55 Leather Archer Armor
71:36 Ring Archer Armor
79:07 Town Patrol
Connection lost

Rejoining the realm…

Still unreachable

The connection could not be restored.

Session expired

The server has moved on; the page needs a fresh start.